 Dungeon Crawl Stone Soup version 0.26.1-2-gb8aa6d0cf2 (webtiles) character file.

Game seed: 13421238641607328137

270 Thatpatchoflichen the Insei (level 6, -2/42 HPs)
             Began as a Vampire Transmuter on Mar 20, 2021.
             Slain by an adder (3 damage)
             ... on level 4 of the Dungeon.
             The game lasted 00:08:33 (2918 turns).

Thatpatchoflichen the Insei (Vampire Transmuter)    Turns: 2918, Time: 00:08:34

Health: -2/42      AC:  2    Str: 10    XL:     6   Next: 1%
Magic:  10/11      EV: 14    Int: 17    God:
Gold:   89         SH:  0    Dex: 14    Spells: 9/12 levels left

rFire    . . .     SeeInvis +     - Unarmed
rCold    . . .     Faith    .   (no shield)
rNeg     . . .     Spirit   .   a - +0 robe
rPois    .         Reflect  .   (no helmet)
rElec    .         Harm     .   (no cloak)
rCorr    .         Rampage  .   (no gloves)
Will     .....                  (no boots)
Stlth    +.........             (no amulet)
HPRegen  0.34/turn              (no ring)
MPRegen  0.12/turn              (no ring)

@: lethally poisoned (-2 -> -11), wereblooded, regenerating quickly
A: fangs 3, see invisible, unbreathing
a: Exsanguinate


You were on level 4 of the Dungeon.
You visited 1 branch of the dungeon, and saw 4 of its levels.

You collected 89 gold pieces.

Inventory:

Armour
 a - a +0 robe (worn)
Wands
 h - a wand of iceblast (8)
Scrolls
 b - a scroll of immolation {unknown}
 c - 2 scrolls of remove curse {unknown}
 e - 4 scrolls of teleportation {unknown}
 g - 4 scrolls of identify {unknown}
Potions
 d - 3 potions of heal wounds {unknown}
 i - a potion of curing {unknown}


   Skills:
 + Level 0.8 Fighting
 - Level 4.0 Dodging
 - Level 4.0 Unarmed Combat
 + Level 3.8 Spellcasting
 - Level 4.0 Transmutations


You had 9 spell levels left.
You knew the following spells:

 Your Spells              Type           Power        Failure   Level
a - Beastly Appendage     Tmut           32%          3%          1
b - Wereblood             Tmut           16%          4%          2

Your spell library contained the following spells:

 Spells                   Type           Power        Failure   Level
 Spider Form              Tmut/Pois      5%           22%         3
 Ice Form                 Ice/Tmut       10%          56%         4
 Blade Hands              Tmut           8%           65%         5


Dungeon Overview and Level Annotations

Branches:
Dungeon (4/15)
 Temple: D:4-7

Altars:

Shops:
D:4 *


Innate Abilities, Weirdness & Mutations

Your natural rate of healing is unusually fast.
You have razor-sharp teeth.
You have supernaturally acute eyesight. (SInv)
You can survive without breathing.


Message History

The adder is moderately wounded.
The adder completely misses you. The adder bites you.
* * * LOW HITPOINT WARNING * * *
You are more poisoned.
The adder poisons you!
You barely miss the adder.
The adder is moderately wounded.
You feel sick. The adder bites you.
* * * LOW HITPOINT WARNING * * *
The adder bites you but does no damage. The adder bites you.
* * * LOW HITPOINT WARNING * * *
You are more poisoned.
The adder poisons you!
Unknown command.
You barely miss the adder.
* * * LOW HITPOINT WARNING * * *
You feel sick. The adder bites you.
* * * LOW HITPOINT WARNING * * *
The adder bites you.
You die...

.......# #.# #.###..
)......# ###.# #......
.$.....# ..#.# ##....
......#### #.#.# #...#
....... #.#.# #...#
######'#.###### #.#.# #...#
#.............# #...#+##.<.#
#......[.....Z###.#.....#'##
+...........ZBS@S.+.....#'##
#............s#####........#
#........###### +........#
######'#.# #........# #.#.#
#........... #.#.#
#......##### #.#.# ######.#
#.#.# #.# #.#.# #.#


You could see a scorpion, a worker ant, 2 adders, a quokka zombie and an adder
skeleton.

Vanquished Creatures
  Sigmund (D:3)
  A howler monkey (D:3)
  An adder (D:3)
  An ooze (D:3)
  4 worms
  4 dart slugs (D:1)
  9 bats
  2 giant cockroaches
  7 goblins
  5 hobgoblins
  5 kobolds
  3 quokkas
  A ball python (D:1)
  7 frilled lizards
  7 rats
58 creatures vanquished.

Notes
Turn   | Place    | Note
-------+----------+-------------------------------------------
     0 | D:1      | Thatpatchoflichen the Vampire Transmuter began the quest
                  | for the Orb.
     0 | D:1      | Reached XP level 1. HP: 14/14 MP: 3/3
   129 | D:1      | Reached XP level 2. HP: 18/20 MP: 3/5
   988 | D:1      | Reached XP level 3. HP: 16/22 MP: 4/6
  1458 | D:2      | Learned a level 2 spell: Wereblood
  2084 | D:3      | Reached XP level 4. HP: 27/27 MP: 6/8
  2131 | D:4      | Found Tirhuc's General Store.
  2226 | D:3      | HP: 1/27 [poisoned by an adder]
  2348 | D:3      | Noticed Sigmund
  2369 | D:3      | Killed Sigmund
  2370 | D:3      | Reached XP level 5. HP: 10/36 MP: 7/10
  2370 | D:3      | Reached XP level 6. HP: 12/42 MP: 7/11
  2918 | D:4      | HP: 1/42 [adder (2)]
  2918 | D:4      | Slain by an adder

Illustrated notes

Levels and vault maps discovered:
D:1:      dpeg_arrival_rooms_with_view, layout_basic
D:2:      wad_pebble_path, layout_basic
D:3:      layout_basic, minmay_misc_feat_roman, uniq_sigmund
D:4:      layout_basic, minmay_temple_entry_butterflies,
          ebering_ghost_reflecting_pool, serial_shops, shop, serial_undead,
          serial_undead_e, serial_undead_b, serial_undead_b, serial_undead_d,
          uniq_edmund, uniq_ijyb

Skill      XL: |  1  2  3  4 |
---------------+-------------+-----
Dodging        | 3 4 |  4.0
Transmutations | 3 4 |  4.0
Spellcasting   | 3 |  3.8
Unarmed Combat | 4 |  4.0
Fighting       | |  0.8

Action                   |  1- 3 |  4- 6 || total
-------------------------+-------+-------++-------
Melee: Unarmed           |   146 |    50 ||   196
       Kick              |    17 |     8 ||    25
       Headbutt          |    12 |     3 ||    15
       Bite              |    13 |     3 ||    16
       Punch             |     2 |       ||     2
 Cast: Beastly Appendage |    26 |     5 ||    31
       Wereblood         |       |     2 ||     2
 Abil: Exsanguinate      |     1 |       ||     1
       Revivify          |     1 |       ||     1
  Use: Potion            |       |     2 ||     2
 Stab: Sleeping          |     5 |       ||     5
Armor: Robe              |    39 |     4 ||    43
Dodge: Dodged            |   116 |    35 ||   151
